 Dungeon Crawl Stone Soup version 0.28-a0-1190-g77e1c55843 (webtiles) character file.

Game seed: 16756275391737290508

1869 Gargoyl the Skirmisher (level 9, -2/73 HPs)
             Began as a Gnoll Abyssal Knight on Dec 18, 2021.
             Was a Believer of Lugonu.
             Shot with an arrow by a centaur (4 damage)
             ... on level 6 of the Dungeon.
             The game lasted 00:07:19 (8648 turns).

Gargoyl the Skirmisher (Gnoll Abyssal Knight)       Turns: 8648, Time: 00:07:19

Health: -2/73      AC: 14    Str: 16    XL:     9   Next: 13%
Magic:  14/14      EV:  8    Int: 10    God:    Lugonu [**....]
Gold:   151        SH:  0    Dex: 13    Spells: 15/15 levels left

rFire   . . .      SeeInvis .   d - +1 whip (elec)
rCold   . . .      Faith    .   (no shield)
rNeg    . . .      Spirit   .   j - +2 chain mail
rPois   .          Reflect  .   e - +0 helmet
rElec   .          Harm     .   p - +0 cloak
rCorr   .          Rampage  .   (no gloves)
Will    .....                   (no boots)
Stlth   ..........              (no amulet)
HPRegen 0.22/turn               (no ring)
MPRegen 0.14/turn               (no ring)

@: no status effects
A: fangs 1, strong nose, distributed training
a: Renounce Religion, Depart the Abyss, Bend Space


You were on level 6 of the Dungeon.
You worshipped Lugonu.
Lugonu was pleased with you.
You visited 1 branch of the dungeon, and saw 6 of its levels.
You visited the Abyss 1 time.

You collected 223 gold pieces.
You spent 72 gold pieces at shops.

Inventory:

Hand Weapons
 a - a +2 hand axe
 d - a +1 whip of electrocution (weapon)
 l - a +0 trident of freezing
Armour
 e - a +0 helmet (worn)
 j - a +2 chain mail (worn)
 p - a +0 cloak (worn)
Scrolls
 m - a scroll of teleportation
Potions
 f - a potion of heal wounds
 g - a potion of brilliance {unknown}
 h - a potion of cancellation {unknown}
 i - a potion of degeneration {unknown}
 k - a potion of attraction {unknown}


   Skills:
 + Level 7.7 Fighting
 + Level 3.9 Short Blades
 + Level 3.9 Long Blades
 + Level 6.1 Axes
 + Level 3.9 Maces & Flails
 + Level 3.9 Polearms
 + Level 3.9 Staves
 + Level 3.9 Slings
 + Level 3.9 Bows
 + Level 3.9 Crossbows
 + Level 3.9 Throwing
 + Level 6.1 Armour
 + Level 4.8 Dodging
 + Level 3.9 Stealth
 + Level 3.9 Shields
 + Level 3.9 Unarmed Combat
 + Level 3.9 Spellcasting
 + Level 3.2 Conjurations
 + Level 3.2 Hexes
 + Level 3.2 Summonings
 + Level 3.2 Necromancy
 + Level 3.2 Translocations
 + Level 3.2 Transmutations
 + Level 3.2 Fire Magic
 + Level 3.2 Ice Magic
 + Level 3.2 Air Magic
 + Level 3.2 Earth Magic
 + Level 3.2 Poison Magic
 + Level 6.4 Invocations
 + Level 3.9 Evocations


You had 15 spell levels left.
You didn't know any spells.
Your spell library contained the following spells:

 Spells                   Type           Power      Damage    Failure   Level
 Gell's Gravitas          Tloc           8%         N/A       95%         3
 Lesser Beckoning         Tloc           8%         N/A       95%         3
 Teleport Other           Tloc           8%         N/A       95%         3


Dungeon Overview and Level Annotations

Branches:
Dungeon (6/15)
 Temple: D:4-7

Altars:
Ashenzari
Kikubaaqudgha
Nemelex Xobeh
Ru
Sif Muna
Yredelemnul
Zin

Shops:
D:2 :   D:5 *   D:6 (

Annotations:
D:3 2 transporters, niknal's ghost, amateur DDFi
D:6 2 runed translucent doors


Innate Abilities, Weirdness & Mutations

You have very sharp teeth.
Your uncanny sense of smell can sniff out nearby items.
Your experience applies equally to all skills.


Message History

You hit the troll. Lightning courses through the troll!
The troll is heavily wounded.
The troll barely misses you. The troll claws you but does no damage.
The troll closely misses you.
You barely miss the troll.
The troll is heavily wounded.
The troll closely misses you. The troll claws you but does no damage.
The troll claws you.
You barely miss the troll. You bite the troll, but do no damage.
The troll is heavily wounded.
The troll bites you but does no damage. The troll claws you! x2
You hit the troll.
The troll is severely wounded.
The troll bites you. The troll claws you. The troll barely misses you.
You barely miss the troll.
The troll is severely wounded.
The troll bites you but does no damage. The troll claws you.
The troll barely misses you.
You barely miss the troll.
The troll is severely wounded.
The troll bites you!
* * * LOW HITPOINT WARNING * * *
The troll claws you.
* * * LOW HITPOINT WARNING * * *
The troll claws you but does no damage.
You feel much better.
The troll looks more healthy.
The troll bites you! The troll claws you but does no damage.
The troll claws you!
* * * LOW HITPOINT WARNING * * *
You completely miss the troll.
The troll is severely wounded.
The troll bites you!
* * * LOW HITPOINT WARNING * * *
The troll claws you.
* * * LOW HITPOINT WARNING * * *
The troll barely misses you.
You hit the troll. Lightning courses through the troll!
You kill the troll!
Lugonu accepts your kill.
The centaur shoots an arrow.
The arrow hits you.
You die...

###..............#...# #.
#.......(........#..## ##
................##..## #
................#....## #
$...o.................###
.#######o####....####..##
#c# ##..### ###.. #(#
#..## #.# #@# #### ###
###


You could see a centaur and an orc.

Vanquished Creatures
  A troll (D:6)
  Edmund (D:6)
  A water moccasin (D:5)
  An orc warrior (D:6)
  A hornet zombie (D:6)
  A black bear (D:5)
  2 ogres
  3 necrophages
  A phantom (D:3)
  A bullfrog (D:6)
  2 scorpions (D:6)
  A wyvern skeleton (D:5)
  A water moccasin skeleton (D:4)
  2 bullfrog zombies
  A jelly (D:5)
  3 hounds
  An orc priest (D:6)
  4 iguanas
  3 orc wizards
  3 hound skeletons
  A howler monkey skeleton (D:4)
  5 adders
  A white imp (D:5)
  An ufetubus (D:4)
  A worm (D:2)
  3 dart slugs (D:1)
  13 orcs
  6 ball pythons
  7 endoplasms
  8 giant cockroaches
  6 goblins
  6 hobgoblins
  5 quokkas
  5 bats
  A frilled lizard (D:1)
  4 kobolds
  7 rats
114 creatures vanquished.

Vanquished Creatures (collateral kills)
  An orc (D:6)
1 creature vanquished.

Grand Total: 115 creatures vanquished

Notes
Turn   | Place    | Note
-------+----------+-------------------------------------------
     0 | Abyss:1  | Gargoyl the Gnoll Abyssal Knight began the quest for the
                  | Orb.
     0 | Abyss:1  | Reached XP level 1. HP: 23/23 MP: 3/3
    36 | Abyss:2  | Noticed an ancient zyme
    54 | Abyss:2  | Noticed a large abomination
   121 | Abyss:3  | Noticed a quasit
   128 | Abyss:3  | Noticed a smoke demon
   137 | D:1      | Escaped the Abyss
   391 | D:1      | Reached XP level 2. HP: 20/29 MP: 5/5
   539 | D:1      | Reached * piety under Lugonu
   667 | D:1      | Found a faded altar of an unknown god.
   771 | D:1      | Reached XP level 3. HP: 35/35 MP: 6/6
   990 | D:1      | Found a sparkling altar of Nemelex Xobeh.
  1208 | D:2      | Found Zett's Book Shop.
  1316 | D:2      | Reached skill level 1 in Short Blades
  1316 | D:2      | Reached skill level 1 in Long Blades
  1316 | D:2      | Reached skill level 1 in Maces & Flails
  1316 | D:2      | Reached skill level 1 in Polearms
  1316 | D:2      | Reached skill level 1 in Staves
  1316 | D:2      | Reached skill level 1 in Slings
  1316 | D:2      | Reached skill level 1 in Bows
  1316 | D:2      | Reached skill level 1 in Crossbows
  1316 | D:2      | Reached skill level 1 in Throwing
  1316 | D:2      | Reached skill level 1 in Stealth
  1316 | D:2      | Reached skill level 1 in Shields
  1316 | D:2      | Reached skill level 1 in Unarmed Combat
  1316 | D:2      | Reached skill level 1 in Spellcasting
  1316 | D:2      | Reached skill level 1 in Evocations
  1563 | D:2      | Found a glowing silver altar of Zin.
  1580 | D:2      | Reached XP level 4. HP: 37/41 MP: 7/7
  2354 | D:3      | Found a transporter.
  2370 | D:3      | Noticed a phantom
  2391 | D:3      | Killed a phantom
  2392 | D:3      | Reached skill level 1 in Conjurations
  2392 | D:3      | Reached skill level 1 in Hexes
  2392 | D:3      | Reached skill level 1 in Summonings
  2392 | D:3      | Reached skill level 1 in Necromancy
  2392 | D:3      | Reached skill level 1 in Translocations
  2392 | D:3      | Reached skill level 1 in Transmutations
  2392 | D:3      | Reached skill level 1 in Fire Magic
  2392 | D:3      | Reached skill level 1 in Ice Magic
  2392 | D:3      | Reached skill level 1 in Air Magic
  2392 | D:3      | Reached skill level 1 in Earth Magic
  2392 | D:3      | Reached skill level 1 in Poison Magic
  2392 | D:3      | Reached XP level 5. HP: 32/47 MP: 8/8
  2579 | D:3      | Found a transporter.
  2809 | D:3      | Reached ** piety under Lugonu
  2897 | D:3      | Noticed niknal's ghost (amateur DDFi)
  3074 | D:3      | Found a basalt altar of Yredelemnul.
  3080 | D:3      | Found an ancient bone altar of Kikubaaqudgha.
  3083 | D:3      | Found a shimmering blue altar of Sif Muna.
  3083 | D:3      | Found a sacrificial altar of Ru.
  3089 | D:3      | Found a broken altar of Ashenzari.
  3098 | D:3      | Reached skill level 5 in Invocations
  3098 | D:3      | Reached XP level 6. HP: 53/53 MP: 9/9
  3643 | D:4      | Reached skill level 5 in Axes
  3643 | D:4      | Reached skill level 5 in Armour
  4101 | D:4      | Reached XP level 7. HP: 16/59 MP: 10/10
  4375 | D:4      | Reached skill level 7 in Fighting
  5461 | D:5      | Entered Level 5 of the Dungeon
  5531 | D:5      | Found Bituidghos's Assorted Antiques.
  5534 | D:5      | Bought a scroll of teleportation for 72 gold pieces
  5863 | D:5      | Reached XP level 8. HP: 54/67 MP: 12/12
  7281 | D:6      | Found Jukasusy's Weapon Emporium.
  7399 | D:6      | Found a large runed translucent door.
  7400 | D:6      | Found a large runed translucent door.
  7616 | D:6      | Noticed Edmund
  7638 | D:6      | Killed Edmund
  7897 | D:6      | Reached XP level 9. HP: 63/72 MP: 14/14
  8627 | D:6      | Noticed a troll
  8647 | D:6      | HP: 2/73 [troll (3)]
  8648 | D:6      | Killed a troll
  8648 | D:6      | Shot with an arrow by a centaur

Illustrated notes

Levels and vault maps discovered:
D:1:      wheals_arrival_shading, layout_basic, ebering_ecumenical_altar_hall,
          kennysheep_flooded_box, lemuel_old_faithful
D:2:      layout_loops_corners, serial_shops,
          nicolae_shop_temple_entry_statues_fountains, serial_rivers,
          chequers_serial_rivers_small_a, chequers_serial_rivers_room_b,
          chequers_serial_rivers_micro_d, chequers_serial_rivers_small_b,
          basic_altar
D:3:      layout_basic, nicolae_overflow_hallway_of_the_gods,
          gammafunk_ghost_stat_death
D:4:      minmay_spotlight, layout_basic, st_stairs_7,
          chequers_serial_rivers_micro_a
D:5:      minmay_inner_zag, layout_basic, serial_shops,
          nicolae_shop_behind_doors
D:6:      layout_layer_cave, jmf_multi_god_temple2, serial_shops, shop,
          kennysheep_decorative_pillar, grunt_ministairs_12,
          chequers_serial_rivers_large_b, uniq_menkaure, uniq_edmund

Skill      XL: |  1  2  3  4  5  6  7  8 |
---------------+-------------------------+-----
Short Blades   | 1 2 3 |  3.9
Long Blades    | 1 2 3 |  3.9
Maces & Flails | 1 2 3 |  3.9
Polearms       | 1 2 3 |  3.9
Staves         | 1 2 3 |  3.9
Slings         | 1 2 3 |  3.9
Bows           | 1 2 3 |  3.9
Crossbows      | 1 2 3 |  3.9
Throwing       | 1 2 3 |  3.9
Stealth        | 1 2 3 |  3.9
Shields        | 1 2 3 |  3.9
Unarmed Combat | 1 2 3 |  3.9
Spellcasting   | 1 2 3 |  3.9
Evocations     | 1 2 3 |  3.9
Conjurations   | 1 2 3 |  3.2
Hexes          | 1 2 3 |  3.2
Summonings     | 1 2 3 |  3.2
Necromancy     | 1 2 3 |  3.2
Translocations | 1 2 3 |  3.2
Transmutations | 1 2 3 |  3.2
Fire Magic     | 1 2 3 |  3.2
Ice Magic      | 1 2 3 |  3.2
Air Magic      | 1 2 3 |  3.2
Earth Magic    | 1 2 3 |  3.2
Poison Magic   | 1 2 3 |  3.2
Dodging        | 3 4 |  4.8
Invocations    | 5 6 |  6.4
Axes           | 5 6 |  6.1
Armour         | 5 6 |  6.1
Fighting       | 7 |  7.7

Action                   |  1- 3 |  4- 6 |  7- 9 || total
-------------------------+-------+-------+-------++-------
Melee: Hand axe          |    22 |       |       ||    22
       Bite              |    13 |    11 |    29 ||    53
       Whip              |    94 |   116 |   265 ||   475
       Punch             |       |     2 |       ||     2
       Unarmed           |       |       |    16 ||    16
Throw: Dart              |       |       |    19 ||    19
Invok: Depart the Abyss  |     1 |       |       ||     1
  Use: Scroll            |     3 |     6 |     3 ||    12
       Potion            |     1 |       |     2 ||     3
 Stab: Sleeping          |     1 |     1 |       ||     2
Armor: Leather armour    |    52 |       |       ||    52
       Ring mail         |       |    12 |       ||    12
       Chain mail        |       |    54 |   165 ||   219
       Skin              |       |       |     1 ||     1
Dodge: Dodged            |   102 |    41 |    98 ||   241

Table legend: (Time is in decaauts)
 A = Elapsed time spent in this place.
 B = Non-inter-level travel time spent in this place.
 C = Inter-level travel time spent in this place.
 D = Time resting spent in this place.
 E = Time spent auto-exploring this place.
 F = Levels seen in this place.
 G = Mean time per level.
                   A        B        C        D        E       F      G
               +--------+--------+--------+--------+--------+-----+--------+
         Total |   8683 |   8408 |    275 |    478 |   6563 |   9 |  964.8 |
       Dungeon |   8546 |   8271 |    275 |    478 |   6503 |   6 | 1424.3 |
         Abyss |    137 |    137 |      0 |      0 |     60 |   3 |   45.7 |
               +--------+--------+--------+--------+--------+-----+--------+

Top non-repeatable levels by time:
     D:4: 1965 daAuts
     D:6: 1671 daAuts
     D:5: 1422 daAuts
     D:2: 1278 daAuts
     D:3: 1220 daAuts
     D:1: 987 daAuts
 Abyss:3: 78 daAuts
 Abyss:2: 38 daAuts
 Abyss:1: 20 daAuts
